 Dungeon Crawl Stone Soup version 0.27.1-34-g3ba077fa99 (webtiles) character file.

Game seed: 5883893597156645742

0 cbfl8 the Sneak (level 1, -2/19 HPs)
             Began as a Minotaur Delver on Jan 23, 2022.
             Slain by a killer bee zombie (7 damage)
             ... in an ossuary.
             The game lasted 00:00:22 (152 turns).

cbfl8 the Sneak (Minotaur Delver)                    Turns: 152, Time: 00:00:23

Health: -2/19      AC:  3    Str: 16    XL:     1   Next: 0%
Magic:  0/0        EV: 11    Int:  7    God:
Gold:   0          SH:  0    Dex: 11    Spells: 0/0 levels left

rFire    . . .     SeeInvis .   a - +0 hand axe
rCold    . . .     Faith    +   (no shield)
rNeg     . . .     Spirit   .   b - +0 leather armour
rPois    .         Reflect  .   (helmet restricted)
rElec    .         Harm     .   (no cloak)
rCorr    .         Rampage  .   (no gloves)
Will     .....                  (no boots)
Stlth    ++........             i - amulet of faith
HPRegen  0.06/turn              (no ring)
MPRegen  0.07/turn              (no ring)

@: no status effects
A: horns 2, retaliatory headbutt
a: no special abilities


You were in an ossuary.
You visited 1 branch of the dungeon, and saw 1 of its levels.
You also visited: Ossuary.

Inventory:

Hand Weapons
 a - a +0 hand axe (weapon)
Armour
 b - a +0 leather armour (worn)
Jewellery
 i - an amulet of faith (around neck)
Wands
 g - a wand of digging (3)
Scrolls
 c - a scroll of fog
 d - a scroll of magic mapping
 e - a scroll of fear
Potions
 f - a potion of haste
 h - 2 potions of attraction {unknown}


   Skills:
 + Level 3.6 Fighting
 + Level 2.4 Axes
 + Level 2.1 Dodging
 + Level 4.1 Stealth


You couldn't memorise any spells.
You didn't know any spells.
Your spell library was empty.

Dungeon Overview and Level Annotations

Branches:
Dungeon (5/15)            Ossuary (1/1)
 Temple: D:4-7

Altars:


Innate Abilities, Weirdness & Mutations

You have a pair of horns on your head.
You reflexively headbutt those who attack you in melee.


Message History

Found 2 golden potions and a large garnet amulet.
A bullfrog comes into view.
h - 2 golden potions
i - an amulet of faith
Found a sand-covered staircase.
A jelly comes into view.
There is a sand-covered staircase here.
The world spins around you as you enter the gateway.
You enter an ossuary!
Found a gate leading back out of this place.
There is an empty arch of ancient stone here.
You start waiting. 2 mummies and a zombie come into view.
You start putting on your amulet.
You continue putting on your amulet of faith. x2
The killer bee zombie misses you. You furiously retaliate!
You headbutt the killer bee zombie.
You continue putting on your amulet of faith.
The killer bee zombie barely misses you.
You furiously retaliate!
You headbutt the killer bee zombie.
You continue putting on your amulet of faith.
The killer bee zombie hits you. x2
You continue putting on your amulet of faith.
The killer bee zombie barely misses you.
You furiously retaliate!
You headbutt the killer bee zombie! The killer bee zombie hits you.
You finish putting on your amulet of faith.
You feel a strange surge of divine interest.
i - an amulet of faith (around neck)
You closely miss the killer bee zombie.
The killer bee zombie is heavily damaged.
You hit the mummy.
The killer bee zombie closely misses you. x2
You hit the killer bee zombie.
Your headbutt misses the killer bee zombie.
The killer bee zombie is heavily damaged.
You hit the mummy but do no damage. The killer bee zombie hits you.
* * * LOW HITPOINT WARNING * * *
The killer bee zombie hits you!
You die...

##### ##≈
#..M#≈..≈#
#.@Z'Z#
#∩..#M≈.#
##### ≈#


You could see a mummy, a bog mummy, a killer bee zombie and a howler monkey
zombie.

Vanquished Creatures (others)
  4 withered plants (Ossuary)
4 creatures vanquished.

Notes
Turn   | Place    | Note
-------+----------+-------------------------------------------
     0 | D:5      | cbfl8 the Minotaur Delver began the quest for the Orb.
     0 | D:5      | Reached XP level 1. HP: 19/19 MP: 0/0
    25 | D:5      | Noticed a bullfrog
    37 | D:5      | Found a sand-covered staircase.
    41 | D:5      | Noticed a jelly
    47 | Ossuary  | Entered an ossuary
   146 | Ossuary  | Noticed a bog mummy
   152 | Ossuary  | Slain by a killer bee zombie

Illustrated notes

Levels and vault maps discovered:
D:5:      minmay_spotlight, layout_loops_ring, nicolae_ossuary_entry_monument,
          portal_sewer_entry_e, lightli_minifort, uniq_blork_the_orc
Ossuary:  ossuary_zaba_flooded

Action                   || total
-------------------------++-------
Melee: Hand axe          ||     2
Dodge: Dodged            ||     5
